 Dungeon Crawl Stone Soup version 0.30.1-11-g7821555f0a (webtiles) character file.

Game seed: 14069211763483755429

12124 jfcaron the Covert (level 11, -8/87 HPs)
             Began as a Gnoll Brigand on Nov 3, 2023.
             Was a High Priest of Okawaru.
             Killed by divine providence
             ... invoked by an orc priest
              (14 damage)
             ... on level 10 of the Dungeon.
             The game lasted 00:40:18 (10947 turns).

jfcaron the Covert (Gnoll Brigand)                 Turns: 10947, Time: 00:40:18

Health: -8/87      AC: 17    Str: 14    XL:     11   Next: 88%
Magic:  21/21      EV: 14    Int: 10    God:    Okawaru [*****.]
Gold:   584        SH:  0    Dex: 15    Spells: 22/24 levels left

rFire   + . .        M - +5 rapier (drain)
rCold   + . .        (no shield)
rNeg    . . .        S - +3 ring mail {rC+}
rPois   +            (no helmet)
rElec   +            c - +0 cloak
rCorr   .            o - +1 pair of gloves
SInv    .            (no boots)
Will    +....        (no amulet)
Stlth   ++++         K - ring "Saobebiu" {rElec rPois rF+ Will+}
HPRegen 0.34/turn    u - +4 ring of protection
MPRegen 0.17/turn

%: no passive effects
@: no status effects
A: fangs 1, strong nose, distributed training
a: Renounce Religion, Heroism, Finesse, Duel


You were on level 10 of the Dungeon.
You worshipped Okawaru.
Okawaru was extremely pleased with you.
You visited 3 branches of the dungeon, and saw 12 of its levels.
You also visited: Bailey.

You collected 584 gold pieces.

Inventory:

Hand Weapons
 e - a +0 broad axe
 l - the +7 dagger "Newtslayer" {protect, Int+3}
   (You found it on level 5 of the Dungeon)

   Int:       It affects your intelligence (+3).
 M - a +5 rapier of draining (weapon)
   (You took it off Duvessa on level 7 of the Dungeon)
 Q - the +8 long sword of Dawn {drain, MP+9}
   (You found it in a bailey)

   MP:        It affects your magic capacity (+9).
 R - the +16 obsidian axe {drain, demonic, Mesm Drain Fly SInv}
   (You found it in a bailey)

   Mesm:      Its wielder is mesmerised by any visible foes, and it cannot be
   unequipped while any foes are visible.
   SInv:      It lets you see invisible.
   Fly:       It grants you flight.
   Drain:     It drains your maximum health when unequipped.
Missiles
 b - 2 boomerangs (quivered)
 k - 6 atropa-tipped darts {!f}
 n - 3 throwing nets {!f}
 t - 8 poisoned darts
 C - a javelin
 P - 4 silver javelins {!f}
Armour
 c - a +0 cloak (worn)
 o - a +1 pair of gloves (worn)
 S - a +3 ring mail of cold resistance (worn)
   (You found it in a bailey)
Jewellery
 r - a ring of resist corrosion
 u - a +4 ring of protection (right hand)
   (You found it on level 3 of the Dungeon)
 K - the ring "Saobebiu" (left hand) {rElec rPois rF+ Will+}
   (You acquired it in a bailey)

   [ring of protection from fire]

   rF:        It protects you from fire.
   rElec:     It insulates you from electricity.
   rPois:     It protects you from poison.
   Will:      It increases your willpower.
Wands
 y - a wand of polymorph (6)
 B - a wand of acid (2)
 F - a wand of paralysis (9)
 L - a wand of digging (10)
   (You found it on level 7 of the Dungeon)
 O - a wand of flame (7)
Scrolls
 d - a scroll of enchant weapon
 f - 3 scrolls of immolation
 g - 3 scrolls of enchant armour
 h - 2 scrolls of magic mapping
 j - a scroll of fog
 D - a scroll of vulnerability
 J - a scroll of noise {unknown}
Potions
 a - 3 potions of flight
 p - a potion of ambrosia
 q - 3 potions of heal wounds
 s - 4 potions of might {unknown}
 v - 2 potions of magic {unknown}
 w - 3 potions of mutation
 x - a potion of curing
 E - 4 potions of attraction
 G - 3 potions of brilliance
 I - 2 potions of haste {unknown}
 T - 2 potions of cancellation {unknown}


   Skills:
 + Level 8.4 Fighting
 + Level 8.4 Short Blades
 + Level 7.0 Long Blades
 + Level 7.0 Axes
 + Level 7.0 Maces & Flails
 + Level 7.0 Polearms
 + Level 7.0 Staves
 + Level 7.0 Ranged Weapons
 + Level 8.4 Throwing
 + Level 7.0 Armour
 + Level 7.5 Dodging
 + Level 10.5 Stealth
 + Level 7.0 Shields
 + Level 7.0 Unarmed Combat
 + Level 7.0 Spellcasting
 + Level 5.8 Conjurations
 + Level 5.8 Hexes
 + Level 5.8 Summonings
 + Level 5.8 Necromancy
 + Level 5.8 Translocations
 + Level 5.8 Transmutations
 + Level 5.8 Fire Magic
 + Level 5.8 Ice Magic
 + Level 5.8 Air Magic
 + Level 5.8 Earth Magic
 + Level 5.8 Poison Magic
 + Level 7.6 Invocations
 + Level 7.0 Evocations


You had 22 spell levels left.
You knew the following spells:

 Your Spells              Type           Power      Damage    Failure   Level
a - Wereblood             Tmut           15%        N/A       4%          2

Your spell library contained the following spells:

 Spells                   Type           Power      Damage    Failure   Level
 Sublimation of Blood     Necr           15%        N/A       4%          2
 Olgreb's Toxic Radiance  Pois           15%        N/A       32%         4
 Discord                  Hex            7%         N/A       100%        8
 Ignition                 Fire           7%         3d5       100%        8
 Summon Hydra             Summ           Unusable   N/A       N/A         7

Dungeon Overview and Level Annotations

Branches:
Dungeon (10/15)            Temple (1/1) D:4            Lair (0/5) D:8
    Orc (1/2) D:10         Bailey (visited)

Altars:
Ashenzari
Cheibriados
Dithmenos
Elyvilon
Fedhas
Gozag
Hepliaklqana
Kikubaaqudgha
Makhleb
Nemelex Xobeh
Okawaru
Qazlal
Ru
Sif Muna
Trog
Uskayaw
Vehumet
Wu Jian
Xom
Yredelemnul
Zin
The Shining One

Shops:
D:2 :   D:4 [   D:6 *   D:8 (


Innate Abilities, Weirdness & Mutations

You have very sharp teeth.
Your uncanny sense of smell can sniff out nearby items.
Your experience applies equally to all skills.


Message History

The magic dart hits you but does no damage.
You climb upwards.
Welcome back to the Dungeon!
The centaur wields a +0 shortbow.
The centaur shoots an arrow.
The arrow hits you. The warg bites you! The goblin hits you but does no damage.
The orc misses you.
The centaur shoots an arrow.
The arrow barely misses you. The warg bites you!
* * * LOW HITPOINT WARNING * * *
There is a staircase to the Orcish Mines, spattered with blood here.
As you read the scroll of fear, it crumbles to dust.
You assume a fearsome visage.
The orc looks frightened!
The warg looks frightened!
The goblin looks frightened!
The orc wizard looks frightened!
The warg looks frightened!
The centaur looks frightened!
The troll looks frightened!
The manticore looks frightened!
The acid dragon looks frightened!
The orc wizard casts a spell.
The orc wizard flickers and vanishes!
Deactivating autopickup; reactivate with Ctrl-A.
As you read the scroll of teleportation, it crumbles to dust.
You feel strangely unstable.
Found a mace.
The kobold brigand throws a curare-tipped dart.
The curare-tipped dart hits you.
The kobold throws a stone.
The stone hits you but does no damage.
Found 16 gold pieces.
Your surroundings suddenly seem different.
Found a stone staircase leading down.
The orc priest mumbles some strange prayers to Beogh against you.
Beogh smites you!
* * * LOW HITPOINT WARNING * * *
You open the door.
The sentinel's mark upon you fades away.
Found 3 stones.
Found 2 potions of brilliance, a potion of mutation and a scroll of fear.
There is an open door here.
The orc priest mumbles some strange prayers to Beogh against you.
Beogh smites you!
* * * LOW HITPOINT WARNING * * *
The orc priest invokes the aid of Beogh against you.
Beogh smites you!
You die...

⌠.?♣!.⌠#.. #..!..##.
##...##.. ### ∆
.##⌠##... .. ....
..###...##.# >...
........#..# .....
#.......#.#####.....+
#....@'.............
#...(.#..........$...
###+###...oK...##....#
##.......##.....
#....o.....?...
#...##........)
.....##........#
.##.............. ..
#..............


You could see 2 orc priests and a kobold.

Vanquished Creatures
  A two-headed ogre (D:9)
  An orc high priest (Bailey)
  An orc knight (Bailey)
  An elephant (D:8)
  A kobold demonologist (Bailey)
  A troll (D:8)
  13 hornets
  A wraith (D:9)
  3 wyverns
  10 yaks (D:9)
  2 basilisks (D:8)
  3 steam dragons
  Duvessa (D:7)
  12 orc warriors
  5 water moccasins
  An ogre (D:5)
  A black bear (D:6)
  2 centaurs
  A kobold brigand (D:9)
  2 phantoms (D:6)
  A gnoll sergeant (D:5)
  4 scorpions
  8 wights
  Dowan (D:7)
  9 electric eels
  4 howler monkeys (D:9)
  3 hounds
  3 jellies
  8 orc priests
  2 gnoll boudas
  2 iguanas
  5 orc wizards
  14 gnolls
  7 adders
  2 white imps
  2 dart slugs
  6 worms
  53 orcs
  5 bats
  6 endoplasms
  2 giant cockroaches
  29 goblins
  10 hobgoblins
  2 quokkas (D:4)
  10 ball pythons
  3 frilled lizards
  8 kobolds
  2 rats
274 creatures vanquished.

Notes
Turn   | Place    | Note
-------+----------+-------------------------------------------
     0 | D:1      | jfcaron the Gnoll Brigand began the quest for the Orb.
     0 | D:1      | Reached XP level 1. HP: 20/20 MP: 1/1
   118 | D:1      | Reached XP level 2. HP: 18/26 MP: 2/2
   708 | D:2      | Found Pastug's Book Shoppe.
   719 | D:2      | Reached XP level 3. HP: 31/31 MP: 2/4
   747 | D:2      | Reached skill level 1 in Invocations
   997 | D:2      | Reached skill level 1 in Long Blades
   997 | D:2      | Reached skill level 1 in Axes
   997 | D:2      | Reached skill level 1 in Maces & Flails
   997 | D:2      | Reached skill level 1 in Polearms
   997 | D:2      | Reached skill level 1 in Staves
   997 | D:2      | Reached skill level 1 in Ranged Weapons
   997 | D:2      | Reached skill level 1 in Armour
   997 | D:2      | Reached skill level 1 in Shields
   997 | D:2      | Reached skill level 1 in Unarmed Combat
   997 | D:2      | Reached skill level 1 in Spellcasting
   997 | D:2      | Reached skill level 1 in Evocations
  1720 | D:3      | Reached skill level 1 in Conjurations
  1720 | D:3      | Reached skill level 1 in Hexes
  1720 | D:3      | Reached skill level 1 in Summonings
  1720 | D:3      | Reached skill level 1 in Necromancy
  1720 | D:3      | Reached skill level 1 in Translocations
  1720 | D:3      | Reached skill level 1 in Transmutations
  1720 | D:3      | Reached skill level 1 in Fire Magic
  1720 | D:3      | Reached skill level 1 in Ice Magic
  1720 | D:3      | Reached skill level 1 in Air Magic
  1720 | D:3      | Reached skill level 1 in Earth Magic
  1720 | D:3      | Reached skill level 1 in Poison Magic
  1720 | D:3      | Reached XP level 4. HP: 25/38 MP: 5/5
  1753 | D:3      | Reached XP level 5. HP: 37/43 MP: 5/7
  2061 | D:3      | Reached skill level 8 in Stealth
  2380 | D:4      | Found a staircase to the Ecumenical Temple.
  2383 | D:4      | Reached XP level 6. HP: 50/50 MP: 8/8
  2409 | Temple   | Entered the Ecumenical Temple
  2593 | Temple   | Became a worshipper of Warmaster Okawaru
  2649 | D:4      | Reached skill level 5 in Fighting
  2649 | D:4      | Reached skill level 5 in Short Blades
  2649 | D:4      | Reached skill level 5 in Throwing
  2714 | D:4      | Noticed a steam dragon
  2723 | D:4      | Killed a steam dragon
  2802 | D:4      | Found Qewn's Armour Shoppe.
  2864 | D:4      | Found a burning altar of Makhleb.
  2865 | D:4      | Found a blossoming altar of Fedhas.
  2865 | D:4      | Found an ornate altar of the Wu Jian Council.
  3014 | D:4      | Reached XP level 7. HP: 53/56 MP: 10/10
  3259 | D:4      | You fall into a shaft and drop 2 floors!
  3331 | D:6      | Found Niozip's Overcharged Wands.
  3399 | D:6      | Reached * piety under Okawaru
  3406 | D:5      | Entered Level 5 of the Dungeon
  3738 | D:5      | Identified the +7 dagger "Newtslayer" {protect, Int+3}
  4241 | D:5      | Reached XP level 8. HP: 63/63 MP: 12/12
  5050 | D:6      | Reached ** piety under Okawaru
  5714 | D:7      | Reached XP level 9. HP: 69/69 MP: 14/14
  6315 | D:7      | Reached skill level 5 in Dodging
  6398 | D:7      | Noticed Duvessa
  6398 | D:7      | Noticed Dowan
  6403 | D:7      | Killed Dowan
  6406 | D:7      | Killed Duvessa
  6407 | D:7      | Reached skill level 9 in Stealth
  7189 | D:8      | Found Fucariec's Antique Weapon Boutique.
  7268 | D:8      | Noticed a hornet
  7276 | D:8      | Killed a hornet
  7288 | D:8      | Found a flagged portal.
  7301 | Bailey   | Entered a bailey
  7360 | Bailey   | Reached skill level 5 in Invocations
  7361 | Bailey   | Reached *** piety under Okawaru
  7505 | Bailey   | Noticed an orc knight
  7526 | Bailey   | Killed an orc knight
  7567 | Bailey   | Reached skill level 5 in Long Blades
  7567 | Bailey   | Reached skill level 5 in Axes
  7567 | Bailey   | Reached skill level 5 in Maces & Flails
  7567 | Bailey   | Reached skill level 5 in Polearms
  7567 | Bailey   | Reached skill level 5 in Staves
  7567 | Bailey   | Reached skill level 5 in Ranged Weapons
  7567 | Bailey   | Reached skill level 5 in Armour
  7567 | Bailey   | Reached skill level 5 in Shields
  7567 | Bailey   | Reached skill level 5 in Unarmed Combat
  7567 | Bailey   | Reached skill level 5 in Spellcasting
  7567 | Bailey   | Reached skill level 5 in Evocations
  7567 | Bailey   | Reached XP level 10. HP: 46/77 MP: 17/17
  7692 | Bailey   | Reached **** piety under Okawaru
  7864 | Bailey   | Acquired the ring "Saobebiu" {rElec rPois rF+ Will+}
  7889 | Bailey   | Found an iron altar of Okawaru.
  7889 | Bailey   | Noticed a kobold demonologist
  7889 | Bailey   | Noticed an orc high priest
  7902 | Bailey   | Noticed a sun demon
  7903 | Bailey   | Noticed a soul eater
  7905 | Bailey   | Killed an orc high priest
  7905 | Bailey   | Received a gift from Okawaru
  7905 | Bailey   | Received a gift from Okawaru
  7909 | Bailey   | Killed a kobold demonologist
  7918 | Bailey   | Found the +16 obsidian axe {drain, demonic, Mesm Drain Fly
                  | SInv}
  7925 | Bailey   | Identified the +8 long sword of Dawn {drain, MP+9}
  8276 | D:8      | Found a staircase to the Lair.
  8276 | D:8      | Noticed an elephant
  8287 | D:8      | Killed an elephant
  8294 | D:8      | Reached ***** piety under Okawaru
  8308 | D:8      | Received a gift from Okawaru
  8410 | D:8      | Found a radiant altar of Vehumet.
  8706 | D:8      | Found a broken altar of Ashenzari.
  9057 | D:9      | Reached skill level 5 in Conjurations
  9057 | D:9      | Reached skill level 5 in Hexes
  9057 | D:9      | Reached skill level 5 in Summonings
  9057 | D:9      | Reached skill level 5 in Necromancy
  9057 | D:9      | Reached skill level 5 in Translocations
  9057 | D:9      | Reached skill level 5 in Transmutations
  9057 | D:9      | Reached skill level 5 in Fire Magic
  9057 | D:9      | Reached skill level 5 in Ice Magic
  9057 | D:9      | Reached skill level 5 in Air Magic
  9057 | D:9      | Reached skill level 5 in Earth Magic
  9057 | D:9      | Reached skill level 5 in Poison Magic
  9089 | D:9      | Reached XP level 11. HP: 85/85 MP: 17/20
  9093 | D:9      | Reached skill level 10 in Stealth
  9119 | D:9      | Received a gift from Okawaru
  9516 | D:9      | Learned a level 2 spell: Wereblood
  9524 | D:9      | Noticed a two-headed ogre
  9536 | D:9      | Killed a two-headed ogre
  9536 | D:9      | Received a gift from Okawaru
 10157 | D:9      | Found a shimmering altar of Xom.
 10391 | D:9      | Received a gift from Okawaru
 10408 | D:9      | Paralysed by a hornet for 3 turns
 10412 | D:9      | HP: 15/86 [hornet (6)]
 10473 | D:9      | Identified the +11 great sword of Ucyqekki {holy, rC- rCorr
                  | Str+3 Dex+4}
 10558 | D:10     | Entered Level 10 of the Dungeon
 10633 | D:10     | Noticed a manticore
 10662 | D:10     | Found a staircase to the Orcish Mines.
 10670 | Orc:1    | Entered Level 1 of the Orcish Mines
 10679 | Orc:1    | HP: 8/87 [orc priest/divine providence (11)]
 10689 | Orc:1    | Received a gift from Okawaru
 10895 | Orc:1    | Noticed an orc sorcerer
 10911 | Orc:1    | Noticed a sun demon
 10943 | D:10     | HP: 17/87 [orc priest/divine providence (8)]
 10947 | D:10     | HP: 6/87 [orc priest/divine providence (12)]
 10947 | D:10     | Killed from afar by an orc priest

Illustrated notes

Levels and vault maps discovered:
D:1:      minmay_arrival_open_corners, layout_basic
D:2:      layout_loops_ring, serial_shops, shop, minmay_tetromino_o2
D:3:      layout_basic, minmay_curled_crystal, minmay_misc_feat_four_crosses,
          minivault_23
D:4:      layout_loops_ring, grunt_temple_overflow_open,
          minmay_temple_entry_slanted, serial_shops, shop, minmay_door_square,
          palyth_stone_intersect
D:5:      layout_basic, hangedman_decor_slide_cut, minmay_ogre_servants
D:6:      layout_loops_ring, kennysheep_pointless_box,
          nicolae_shop_overcharged_wands
D:7:      layout_layer_cave, uniq_duvessa
D:8:      layout_layer_cave, vehumet_crystals, mainiacjoe_overflow_alcove_1,
          david_lair_generic, serial_shops, shop, enter_bailey_3
D:9:      layout_cave_pods, dk_xom_monty_hall, hive_lemuel
D:10:     layout_roguey, erik_orc_4, hellmonk_ghost_happy_afterlife,
          serial_park_tiny_2, uniq_maggie, uniq_maurice, uniq_erolcha
Temple:   nicolae_temple_bog_church
Orc:1:    layout_diamond_mine, abandoned_shop, uniq_fannar, uniq_erica,
          uniq_nergalle

Skill      XL: |  1  2  3  4  5  6  7  8  9 10 11 |
---------------+----------------------------------+-----
Invocations    | 1 2 3 4 5 6 7 |  7.6
Long Blades    | 1 2 3 5 6 7 |  7.0
Axes           | 1 2 3 5 6 7 |  7.0
Maces & Flails | 1 2 3 5 6 7 |  7.0
Polearms       | 1 2 3 5 6 7 |  7.0
Staves         | 1 2 3 5 6 7 |  7.0
Ranged Weapons | 1 2 3 5 6 7 |  7.0
Armour         | 1 2 3 5 6 7 |  7.0
Shields        | 1 2 3 5 6 7 |  7.0
Unarmed Combat | 1 2 3 5 6 7 |  7.0
Spellcasting   | 1 2 3 5 6 7 |  7.0
Evocations     | 1 2 3 5 6 7 |  7.0
Conjurations   | 1 2 3 4 5 |  5.8
Hexes          | 1 2 3 4 5 |  5.8
Summonings     | 1 2 3 4 5 |  5.8
Necromancy     | 1 2 3 4 5 |  5.8
Translocations | 1 2 3 4 5 |  5.8
Transmutations | 1 2 3 4 5 |  5.8
Fire Magic     | 1 2 3 4 5 |  5.8
Ice Magic      | 1 2 3 4 5 |  5.8
Air Magic      | 1 2 3 4 5 |  5.8
Earth Magic    | 1 2 3 4 5 |  5.8
Poison Magic   | 1 2 3 4 5 |  5.8
Dodging        | 3 4 5 6 7 |  7.5
Stealth        | 8 9 10 | 10.5
Fighting       | 5 6 7 8 |  8.4
Short Blades   | 5 6 7 8 |  8.4
Throwing       | 5 6 7 8 |  8.4

Action                     |  1- 3 |  4- 6 |  7- 9 | 10-12 || total
---------------------------+-------+-------+-------+-------++-------
  Melee: Whip              |    53 |    77 |   176 |       ||   306
         Dagger            |    12 |       |     6 |       ||    18
         Bite              |     5 |     5 |    31 |    44 ||    85
         Punch             |       |     1 |    11 |    18 ||    30
         Rapier            |       |       |   109 |   343 ||   452
  Throw: Dart              |    46 |    46 |    97 |    61 ||   250
         Stone             |     4 |     6 |    33 |    17 ||    60
         Javelin           |       |       |       |     8 ||     8
         Boomerang         |       |       |       |     7 ||     7
 Invoke: Heroism           |       |       |     2 |     6 ||     8
         Finesse           |       |       |       |     1 ||     1
  Evoke: Wand              |       |       |    10 |    15 ||    25
    Use: Scroll            |       |    10 |     3 |     9 ||    22
         Potion            |       |       |       |     3 ||     3
   Stab: Sleeping          |     1 |     1 |     6 |     6 ||    14
         Invisible         |       |       |     2 |     3 ||     5
 Armour: Robe              |    10 |       |       |       ||    10
         Leather armour    |    10 |     9 |       |       ||    19
         Ring mail         |       |    17 |   106 |   106 ||   229
  Dodge: Dodged            |    40 |    33 |   162 |   175 ||   410

Table legend: (Time is in decaauts)
 A = Elapsed time spent in this place.
 B = Non-inter-level travel time spent in this place.
 C = Inter-level travel time spent in this place.
 D = Time resting spent in this place.
 E = Time spent auto-exploring this place.
 F = Levels seen in this place.
 G = Mean time per level.
                   A        B        C        D        E       F      G
               +--------+--------+--------+--------+--------+-----+--------+
         Total |  10747 |  10191 |    556 |    577 |   7105 |  13 |  826.7 |
       Dungeon |   9502 |   8975 |    527 |    295 |   6824 |  10 |  950.2 |
        Temple |    203 |    174 |     29 |      0 |    160 |   1 |  203.0 |
  Orcish Mines |    257 |    257 |      0 |    152 |     30 |   1 |  257.0 |
        Bailey |    784 |    784 |      0 |    130 |     90 |   1 |  784.0 |
               +--------+--------+--------+--------+--------+-----+--------+

Top non-repeatable levels by time:
     D:7: 1490 daAuts
     D:9: 1440 daAuts
     D:5: 1201 daAuts
     D:8: 1051 daAuts
     D:4: 1033 daAuts
     D:3: 934 daAuts
     D:2: 845 daAuts
     D:6: 808 daAuts
  Bailey: 784 daAuts
     D:1: 583 daAuts
   Orc:1: 257 daAuts
  Temple: 203 daAuts
    D:10: 112 daAuts

Table legend:
 A = Kills in this place as a percentage of kills in the entire game.
 B = Kills by you in this place as a percentage of kills by you in the entire game.
 C = Kills by friends in this place as a percentage of kills by friends in the entire game.
 D = Other kills in this place as a percentage of other kills in the entire game.
 E = Experience gained in this place as a percentage of experience gained in the entire game.
 F = Experience gained in this place divided by the number of levels of this place that you have seen.
                   A       B       C       D       E      F
               +-------+-------+-------+-------+-------+----------------------
         Total | 100.0 | 100.0 |   N/A | 100.0 | 100.0 | 1332.3
       Dungeon |  82.1 |  82.7 |   N/A |  33.3 |  78.8 | 1364.3
  Orcish Mines |   2.2 |   2.2 |   N/A |   0.0 |   1.1 | 188.0
        Bailey |  15.7 |  15.1 |   N/A |  66.7 |  20.1 | 3489.0
               +-------+-------+-------+-------+-------+----------------------

Levels and vault maps discovered:
D:1:      minmay_arrival_open_corners, layout_basic
D:2:      layout_loops_ring, serial_shops, shop, minmay_tetromino_o2
D:3:      layout_basic, minmay_curled_crystal, minmay_misc_feat_four_crosses,
          minivault_23
D:4:      layout_loops_ring, grunt_temple_overflow_open,
          minmay_temple_entry_slanted, serial_shops, shop, minmay_door_square,
          palyth_stone_intersect
D:5:      layout_basic, hangedman_decor_slide_cut, minmay_ogre_servants
D:6:      layout_loops_ring, kennysheep_pointless_box,
          nicolae_shop_overcharged_wands
D:7:      layout_layer_cave, uniq_duvessa
D:8:      layout_layer_cave, vehumet_crystals, mainiacjoe_overflow_alcove_1,
          david_lair_generic, serial_shops, shop, enter_bailey_3
D:9:      layout_cave_pods, dk_xom_monty_hall, hive_lemuel
D:10:     layout_roguey, erik_orc_4, hellmonk_ghost_happy_afterlife,
          serial_park_tiny_2, uniq_maggie, uniq_maurice, uniq_erolcha
Temple:   nicolae_temple_bog_church
Orc:1:    layout_diamond_mine, abandoned_shop, uniq_fannar, uniq_erica,
          uniq_nergalle
